Map: Prion Terraces

Players

Miszu - Winner!

  • Race: Terran Terran
  • League: Master

Hopt

  • Race: Terran Terran
  • League: Master

VOD

Have the link to the VOD?

Description

Time

  • Played on: March 16, 2016, 3:15 p.m.
  • Length: 12:49
Show
View Real Time Build Order
Export as new Build Order

Miszu Terran - Winner!

Build Orders:  

Get SALT Encoding   

  12  0:01  SCV  
  13  0:14  SCV  
  14  0:20  Supply Depot  
  14  0:26  SCV  
  15  0:41  SCV  
  16  0:43  Barracks  
  16  0:53  SCV  
  16  0:56  Refinery  
  17  1:05  SCV  
  18  1:18  SCV  
  20  1:33  Marine  
  20  1:35  Orbital Command  
  20  1:41  Command Center  
  20  1:54  Barracks Reactor  
  20  2:02  SCV  
  20  2:05  Bunker  
  20  2:07  Supply Depot  
  21  2:14  SCV  
  22  2:19  Factory  
  22  2:26  SCV  
  23  2:36  Marine x2, Refinery  
  25  2:38  SCV  
  25  2:50  SCV  
  25  2:53  Marine  
  26  3:00  SCV  
  26  3:02  SCV  
  28  3:10  Marine  
  28  3:12  Marine  
  31  3:13  Orbital Command  
  31  3:14  SCV  
  31  3:24  Starport, Factory Tech Lab  
  31  3:26  SCV  
  32  3:27  Marine  
  32  3:29  Marine  
  34  3:38  SCV  
  34  3:39  SCV  
  36  3:46  Engineering Bay  
  35  3:50  SCV  
  35  3:52  SCV  
  35  3:55  Marine  
  36  3:56  Marine  
  36  4:03  SCV  
  36  4:04  SCV  
  36  4:08  Cyclone  
  40  4:12  Marine  
  40  4:15  SCV  
  40  4:16  SCV  
  43  4:21  Viking  
  45  4:24  Missile Turret x2  
  45  4:26  Missile Turret  
  45  4:27  SCV  
  46  4:36  Supply Depot  
  46  4:39  Supply Depot  
  46  4:55  Command Center  
  46  4:58  Supply Depot, SCV x2  
  46  5:09  Marine x2  
  46  5:10  SCV x2  
  50  5:22  SCV x2  
  52  5:29  Barracks  
  52  5:30  Barracks  
  52  5:34  SCV x2  
  51  5:46  Marine x2, SCV x2  
  55  5:50  Starport Reactor, Siege Tank  
  55  5:53  Terran Infantry Weapons Level 1  
  58  5:57  Barracks  
  58  5:58  Barracks, SCV x2  
  59  6:04  Marine  
  60  6:12  SCV  
  60  6:15  SCV, Orbital Command  
  60  6:17  Refinery  
  60  6:18  Refinery, Barracks Tech Lab x2  
  62  6:24  SCV  
  62  6:25  Engineering Bay, Marine x2  
  63  6:27  SCV  
  63  6:28  Siege Tank  
  69  6:36  SCV  
  69  6:39  SCV  
  71  6:41  Marine x2  
  71  6:43  SCV  
  71  6:46  Marine x2  
  76  6:50  Marine x2  
  76  6:52  Medivac  
  80  6:59  Marine x2  
  82  7:03  Marine  
  82  7:04  Marine  
  82  7:05  Medivac  
  84  7:08  Combat Shields  
  84  7:09  Stimpack  
  84  7:13  Supply Depot  
  85  7:16  Supply Depot  
  85  7:17  Barracks Reactor x2  
  85  7:19  Terran Infantry Armor Level 1  
  83  7:23  Armory  
  83  7:26  Medivac  
  83  7:27  Marine  
  83  7:29  SCV  
  88  7:30  SCV, Orbital Command  
  88  7:35  Marine  
  89  7:37  Marine  
  89  7:41  SCV  
  89  7:44  Marine  
  91  7:48  Refinery, SCV  
  91  7:49  Refinery, Marine  
  94  7:54  SCV  
  94  7:55  Supply Depot x2  
  94  7:56  Supply Depot  
  94  7:57  SCV  
  97  8:02  Marine x2  
  97  8:04  Siege Tank  
  101  8:07  Factory  
  101  8:15  Marine x4  
  101  8:16  Marine x2  
  101  8:19  SCV x2  
  109  8:20  Marine  
  109  8:25  Sensor Tower  
  109  8:28  Medivac x2  
  109  8:29  Marine  
  109  8:33  Marine x3  
  117  8:36  Terran Infantry Weapons Level 2  
  117  8:41  Supply Depot  
  116  8:46  Siege Tank  
  116  8:48  SCV  
  120  8:50  SCV x2  
  120  8:53  Factory Tech Lab  
  122  8:58  Marine x4, Medivac  
  122  9:00  Marine, SCV  
  122  9:01  Marine  
  122  9:02  SCV  
  132  9:03  Medivac  
  132  9:07  Marine  
  132  9:08  Marine  
  136  9:13  Sensor Tower, SCV  
  137  9:21  Marine  
  137  9:22  Marine x4  
  141  9:32  Marine  
  141  9:39  Terran Vehicle Weapons Level 1  
  141  9:45  Supply Depot x2  
  141  9:46  Marine, Medivac x2, Siege Tank  
  141  9:47  Supply Depot, Marine x2  
  141  9:48  Marine, Siege Tank  
  152  10:09  Marine x8  
  160  10:17  Medivac  
  160  10:18  Siege Tank  
  160  10:20  Siege Tank  
  168  10:22  Terran Infantry Armor Level 2  
  168  10:26  Marine  
  168  10:27  Marine x6  
  175  10:35  Marine  
  176  10:40  Command Center  
  176  10:44  Marine  
  176  10:45  Marine x4  
  181  10:55  Supply Depot  
  181  10:56  Marine, Medivac x2, Siege Tank x2  
  194  10:57  Marauder  
  194  11:02  Marine x2  
  182  11:20  Marine x8  
  164  11:26  Medivac  
  164  11:28  Hellion  
  164  11:29  Siege Tank  
  171  11:37  Marine  
  171  11:38  Marine x5  
  164  11:41  Marine x2  
  166  11:48  Medivac  
  166  11:50  Siege Tank  
  171  11:55  Marine  
  171  11:56  Marine x3  
  171  12:01  Siege Tank  
  178  12:06  Medivac  
  181  12:18  Medivac  
  181  12:22  Marine, Barracks  
  186  12:23  Barracks  
  186  12:24  Marine  
  186  12:27  Barracks  
Show
View Real Time Build Order
Export as new Build Order

Hopt Terran 

Build Orders: 1/1/1, MMM Bio, Banshee Rush 

Get SALT Encoding   

  12  0:01  SCV  
  13  0:13  SCV  
  14  0:17  Supply Depot  
  14  0:25  SCV  
  15  0:30  Refinery  
  15  0:39  SCV  
  16  0:45  Barracks  
  16  0:51  SCV  
  16  0:55  Refinery  
  17  1:03  SCV  
  18  1:15  SCV  
  20  1:33  Orbital Command  
  20  1:35  Factory  
  20  1:38  Reaper  
  20  1:48  Supply Depot  
  20  2:01  SCV  
  20  2:10  Reaper  
  20  2:13  SCV  
  22  2:20  Starport  
  22  2:24  Hellion  
  22  2:25  SCV  
  25  2:33  Supply Depot  
  25  2:37  SCV  
  26  2:49  SCV  
  27  3:01  SCV  
  27  3:02  Barracks Tech Lab  
  28  3:13  SCV  
  28  3:17  Command Center  
  29  3:26  SCV  
  30  3:33  Cloaking Field, Banshee  
  33  3:38  SCV  
  33  3:39  Supply Depot  
  34  3:50  SCV  
  35  4:02  SCV  
  35  4:13  Factory Tech Lab  
  35  4:14  SCV  
  35  4:16  Barracks  
  35  4:17  Barracks  
  36  4:21  Banshee  
  39  4:26  SCV  
  40  4:32  Orbital Command  
  40  4:35  Siege Tank  
  43  4:38  SCV  
  44  4:50  SCV  
  45  4:59  Barracks Reactor  
  45  5:02  SCV  
  46  5:10  Barracks Tech Lab x2  
  46  5:14  Siege Tank, SCV  
  50  5:22  SCV  
  50  5:27  SCV  
  50  5:28  Barracks x2  
  52  5:34  SCV  
  53  5:39  SCV, Stimpack  
  53  5:40  Combat Shields  
  53  5:41  Starport Reactor, Marine x2  
  56  5:46  SCV  
  56  5:47  Engineering Bay  
  56  5:48  Engineering Bay  
  56  5:49  Supply Depot  
  54  5:50  Supply Depot  
  54  5:51  SCV  
  55  5:58  SCV  
  55  6:03  SCV  
  56  6:06  Siege Tank  
  56  6:07  Refinery  
  56  6:08  Refinery  
  56  6:10  SCV  
  60  6:11  Marine  
  60  6:12  Supply Depot x2  
  60  6:15  SCV  
  60  6:16  Marine  
  61  6:21  Barracks Reactor x2  
  61  6:23  Marine x2, SCV  
  63  6:27  SCV  
  63  6:29  Marine, Medivac x2  
  69  6:34  Marine  
  69  6:35  SCV  
  69  6:37  Supply Depot  
  69  6:38  Supply Depot  
  69  6:39  SCV  
  72  6:40  Marine  
  72  6:41  Marine  
  75  6:47  Marine, SCV  
  75  6:51  SCV  
  75  6:52  Marine  
  77  6:58  Marine x2  
  77  6:59  Medivac x2, SCV  
  81  7:03  SCV  
  81  7:05  Marine  
  82  7:10  Marine  
  82  7:11  SCV  
  82  7:15  Marine x3, SCV  
  87  7:16  Terran Infantry Weapons Level 1, Terran Infantry Armor Level 1  
  87  7:18  Marine x3  
  87  7:20  Armory  
  91  7:23  SCV  
  91  7:25  Marine  
  91  7:28  Marine, Command Center  
  91  7:29  SCV  
  95  7:33  Marine x3  
  95  7:35  Marine x2  
  100  7:44  Marine x2  
  98  7:45  Marine, Siege Tank  
  104  7:51  Marine  
  104  7:53  Supply Depot, Marine  
  104  7:54  Supply Depot  
  104  7:55  Marine  
  104  7:56  Marine  
  104  7:57  Marine  
  109  8:01  Marine  
  110  8:10  Supply Depot  
  110  8:11  Supply Depot  
  110  8:12  Marine x3  
  113  8:14  Marine x2  
  115  8:22  Marine x2  
  115  8:25  Marine  
  117  8:27  Medivac x2  
  117  8:29  Marine  
  117  8:32  Marine  
  123  8:36  Marine  
  124  8:47  Marine x2  
  126  8:48  Terran Vehicle Weapons Level 1  
  126  8:52  Marine x2  
  126  8:53  Marine  
  129  8:59  Siege Tank  
  129  9:01  Marine  
  129  9:02  Marine  
  134  9:05  Marine  
  135  9:15  Marine x2  
  137  9:22  Marine x5  
  137  9:23  Marine  
  143  9:25  Medivac  
  145  9:33  Marine x2  
  145  9:34  Planetary Fortress  
  147  9:47  Marine x2  
  147  9:51  Factory  
  147  9:52  Marine, Barracks  
  150  9:54  Barracks  
  150  10:15  Marine x2  
  152  10:23  Marine  
  153  10:29  Marine  
  153  10:30  Marine x4  
  153  10:32  Siege Tank  
  153  10:33  Marine x2  
  153  10:34  Factory Tech Lab  
  160  10:41  Marine  
  162  10:47  Marine  
  162  10:48  Marine  
  165  10:50  Marine x2  
  165  10:51  Barracks Reactor  
  165  10:53  Command Center  
  165  10:54  Barracks Reactor  
  165  11:02  Supply Depot x3  
  165  11:03  Supply Depot  
  165  11:10  Marine  
  165  11:16  Marine x7, Siege Tank  
  165  11:17  SCV x2  
  115  11:25  Siege Tank  
  115  11:27  Marine  
  119  11:34  Marine x7  
  122  11:40  Marine x4  
  122  11:45  Marine  
  121  11:48  Siege Tank  
  121  11:51  Marine x2  
  121  11:52  Marine x5  
  125  11:58  Marine x4  
  129  12:03  Marine  
  129  12:06  SCV x2  
  132  12:09  Marine x4  
  136  12:16  Marine x5  
  136  12:19  Marine  
  142  12:23  Marine x2  
  142  12:27  Marine x2  
Tags
 
Composition
MMM Bio
Matchup
TvT
Opening
1/1/1
Race
Terran
Strategy
Banshee Rush
Add a new tag
Caveats
  • Supply blocks, unpowered buildings, or Contaminate may cause inaccurate times.
  • Supply counts are checked every 10 seconds.